 Dungeon Crawl Stone Soup version 0.30-a0-860-g512cf1e979 (webtiles) character file.

Game seed: 6564717740139251320

524202 Lavandula the Archmage (level 23, -17/106 HPs)
             Began as a Felid Hedge Wizard on Mar 5, 2023.
             Was the Champion of Vehumet.
             Killed from afar by a hellion (30 damage)
             ... with damnation
             ... on level 3 of Tartarus on Mar 8, 2023.
             The game lasted 05:15:50 (90393 turns).

Lavandula the Archmage (Felid Hedge Wizard)        Turns: 90393, Time: 05:15:50

Health: -17/106    AC: 20    Str:  9 (10) XL:     23   Next: 83%
Magic:  6/44       EV: 43    Int: 40      God:    Vehumet [******]
Gold:   4356       SH:  0    Dex: 18      Spells: 5/76 levels left
                                        Lives:  0   Deaths: 6

rFire   . . .      SeeInvis +      - Unarmed
rCold   . . .      Faith    .    (shield unavailable)
rNeg    + + +      Spirit   .    (body armour unavailable)
rPois   ∞          Reflect  .    (helmet unavailable)
rElec   +          Rampage  .    (cloak unavailable)
rCorr   .          Clarity  +    (gloves unavailable)
Will    +....                    (boots unavailable)
Stlth   ++++++                   X - macabre finger necklace {Finger+ rN+}
HPRegen 0.37/turn                g - ring "Guosois" {rN+ EV+5 Int+3 Slay-2 SInv}
MPRegen 0.29/turn                s - +6 ring of strength
                                 l - ring "Lujuh" {rPois rN+ Int+4 Dex+3 Slay+2}

@: storm-form, flying, weak-willed
A: cleaving, insubstantial, flying, very small, (claws 1), (fangs 3), see
invisible, (speed 1), (shaggy fur 3), (stealthy paws), no weapons or thrown
items, no armour, multi-lived, (horns 2), (iridescent scales 1), clarity, clever
2, deterioration 1, (fire resistance 1), low MP 2, no potion heal 1
}: 4/15 runes: decaying, serpentine, slimy, silver
a: Blinkbolt, End Transformation, Renounce Religion


You were on level 3 of Tartarus.
You worshipped Vehumet.
Vehumet was exalted by your worship.
You were a lightning-filled tempest!
You visited 13 branches of the dungeon, and saw 56 of its levels.
You visited 1 bazaar.
You also visited: Bailey, Ice Cave, Volcano and Wizlab.

You collected 7481 gold pieces.
You spent 3125 gold pieces at shops.

Inventory:

Jewellery
 e - the ring of Aseo {rElec rC+ rCorr Int-3}
   (You found it on level 5 of the Pits of Slime)

   [ring of resist corrosion]

   Int:       It affects your intelligence (-3).
   rC:        It protects you from cold.
   rElec:     It insulates you from electricity.
   rCorr:     It protects you from acid and corrosion.
 f - the ring of the Mage {Wiz Archmagi}
   (You found it on level 4 of the Vaults)

   [ring of wizardry]

   It improves your spell success rate.
   Archmagi:  It increases the power of your magical spells.
 g - the ring "Guosois" (left paw) {rN+ EV+5 Int+3 Slay-2 SInv}
   (You found it on level 5 of the Pits of Slime)

   [ring of evasion]

   EV:        It affects your evasion (+5).
   Int:       It affects your intelligence (+3).
   Slay:      It affects your accuracy & damage with ranged weapons and melee
   (-2).
   rN:        It protects you from negative energy.
   SInv:      It lets you see invisible.
 l - the ring "Lujuh" (on amulet) {rPois rN+ Int+4 Dex+3 Slay+2}
   (You acquired it on level 3 of the Snake Pit)

   [ring of positive energy]

   Int:       It affects your intelligence (+4).
   Dex:       It affects your dexterity (+3).
   Slay:      It affects your accuracy & damage with ranged weapons and melee
   (+2).
   rPois:     It protects you from poison.
   rN:        It protects you from negative energy.
 s - a +6 ring of strength (right paw)
 t - the ring "Qoxtercha" {AC+4 Int+4}
   (You acquired it on level 4 of the Lair of Beasts)

   [ring of protection]

   AC:        It affects your AC (+4).
   Int:       It affects your intelligence (+4).
 v - an amulet of guardian spirit
 I - an amulet of regeneration
 N - a +6 ring of strength
 X - the macabre finger necklace (around neck) {Finger+ rN+}
   (You found it on level 3 of the Elven Halls)

   [amulet of nothing]

   Finger+:   It enables you to equip an extra ring.
   rN:        It protects you from negative energy.
Wands
 h - a wand of quicksilver (9)
 r - a wand of mindburst (22)
 u - a wand of flame (67)
 w - a wand of iceblast (25)
 G - a wand of polymorph (13)
 K - a wand of charming (54)
 R - a wand of digging (13)
Scrolls
 i - 8 scrolls of fog
 m - 8 scrolls of vulnerability
 o - 6 scrolls of fear
 p - 4 scrolls of poison
 y - 2 scrolls of teleportation
 B - 3 scrolls of torment
 O - 36 scrolls of identify
 Q - 5 scrolls of magic mapping
 T - 4 scrolls of blinking
 U - 2 scrolls of silence
 V - 2 scrolls of amnesia
Potions
 a - 6 potions of magic
 b - 21 potions of curing
 c - 9 potions of attraction
 d - 5 potions of resistance
 j - 13 potions of flight
 k - 7 potions of ambrosia
 n - 3 potions of berserk rage
 x - 3 potions of invisibility
 z - 4 potions of mutation
 A - 5 potions of haste
 C - 5 potions of brilliance
 D - 10 potions of cancellation
 E - 7 potions of might
 H - 6 potions of lignification
Miscellaneous
 q - a box of beasts
 F - a lightning rod (4/4)
 L - a condenser vane
 P - a tin of tremorstones (2/2)


   Skills:
 - Level 14.0 Fighting
 - Level 14.0 Dodging
 - Level 15.7 Stealth
 - Level 14.0 Unarmed Combat
 O Level 27 Spellcasting
 - Level 12.7 Conjurations
 - Level 4.3 Hexes
 - Level 1.0 Summonings
 - Level 1.5 Translocations
 - Level 12.4 Transmutations
 + Level 16.3 Air Magic
 - Level 17.7 Earth Magic
 - Level 5.5 Poison Magic
 - Level 6.7 Evocations


You had 5 spell levels left.
You knew the following spells:

 Your Spells              Type           Power      Damage    Failure   Level
a - Irradiate             Conj/Tmut      50%        3d28      1%          5
b - Blink                 Tloc           100%       N/A       1%          2
c - Call Imp              Summ           58%        N/A       1%          2
d - Storm Form            Tmut/Air       53%        N/A       1%          7
e - Shatter               Erth           57%        3d43*     6%          9
f - Chain Lightning       Conj/Air       53%        3d71      21%         9
g - Maxwell's Capacitive  Air            55%        ∞         1%          8
h - Lehudib's Crystal Sp  Conj/Erth      54%        10d13     1%          8
i - Olgreb's Toxic Radia  Pois           78%        N/A       1%          4
j - Airstrike             Air            55%        2d(8-24)  0%          4
k - Spellforged Servitor  Conj/Summ      41%        N/A       4%          7
l - Statue Form           Tmut/Erth      72%        N/A       1%          6

Your spell library contained the following spells:

 Spells                   Type           Power      Damage    Failure   Level
 Ignition                 Fire           26%        3d9       99%         8
 Beastly Appendage        Tmut           100%       N/A       0%          1
 Foxfire                  Conj/Fire      100%       2x1d9     0%          1
 Magic Dart               Conj           100%       1d8       0%          1
 Sandblast                Erth           100%       2d20      0%          1
 Shock                    Conj/Air       100%       1d9       0%          1
 Sting                    Tmut/Pois      100%       1d8       0%          1
 Passwall                 Tmut/Erth      90%        N/A       0%          2
 Poisonous Vapours        Pois/Air       100%       N/A       0%          2
 Static Discharge         Conj/Air       100%       2-7/arc   0%          2
 Wereblood                Tmut           100%       N/A       0%          2
 Mephitic Cloud           Conj/Pois/Air  98%        N/A       0%          3
 Stone Arrow              Conj/Erth      100%       3d13      0%          3
 Swiftness                Air            100%       N/A       0%          3
 Petrify                  Tmut/Erth      100%       N/A       0%          4
 Arcjolt                  Conj/Air       53%        1d63      0%          5
 Lee's Rapid Deconstruct  Erth           57%        3d27*     0%          5
 Lightning Bolt           Conj/Air       53%        1d75      0%          5
 Slow                     Hex            100%       N/A       1%          1
 Summon Small Mammal      Summ           100%       N/A       1%          1
 Cigotuvi's Dreadful Rot  Necr/Pois/Air  100%       N/A       1%          2
 Ensorcelled Hibernation  Hex/Ice        100%       N/A       1%          2
 Lesser Beckoning         Tloc           100%       N/A       1%          2
 Momentum Strike          Conj/Tloc      100%       3d10      1%          2
 Scorch                   Fire           100%       2d10      1%          2
 Sublimation of Blood     Necr           52%        N/A       1%          2
 Call Canine Familiar     Summ           58%        N/A       1%          3
 Gell's Gravitas          Tloc           60%        N/A       1%          3
 Hailstorm                Conj/Ice       81%        3d16      1%          3
 Ignite Poison            Fire/Tmut/Pois 80%        N/A       1%          3
 Inner Flame              Hex/Fire       63%        N/A       1%          3
 Kindle Blastsparks       Fire/Tloc/Air  100%       2d18      1%          3
 Ozocubu's Armour         Ice            52%        N/A       1%          3
 Summon Guardian Golem    Hex/Summ       66%        N/A       1%          3
 Teleport Other           Tloc           60%        N/A       1%          3
 Tukima's Dance           Hex            73%        N/A       1%          3
 Vhi's Electric Charge    Tloc/Air       100%       N/A       1%          3
 Anguish                  Hex/Necr       31%        N/A       1%          4
 Cause Fear               Hex            36%        N/A       1%          4
 Flame Wave               Conj/Fire      81%        2d18      1%          4
 Fulminant Prism          Conj/Hex       44%        3d19      1%          4
 Iskenderun's Mystic Bla  Conj/Tloc      84%        2d17      1%          4
 Leda's Liquefaction      Hex/Erth       48%        N/A       1%          4
 Manifold Assault         Tloc           60%        N/A       1%          4
 Passage of Golubria      Tloc           60%        N/A       1%          4
 Summon Lightning Spire   Summ/Air       89%        N/A       1%          4
 Alistair's Intoxication  Tmut/Pois      60%        N/A       1%          5
 Fireball                 Conj/Fire      40%        3d16      1%          5
 Iskenderun's Battlesphe  Conj           100%       2d15      1%          5
 Yara's Violent Unravell  Hex/Tmut       44%        3d17      1%          5
 Summon Ice Beast         Ice/Summ       55%        N/A       2%          4
 Animate Dead             Necr           52%        N/A       3%          4
 Dispel Undead            Necr           52%        3d19      3%          4
 Metabolic Englaciation   Hex/Ice        31%        N/A       3%          5
 Summon Forest            Summ/Tloc      29%        N/A       4%          5
 Conjure Ball Lightning   Conj/Air       53%        3x3d18    1%          6
 Eringya's Noxious Bog    Tmut/Pois      45%        N/A       1%          6
 Iron Shot                Conj/Erth      54%        9d10      1%          6
 Starburst                Conj/Fire      40%        6d12      1%          6
 Orb of Destruction       Conj           51%        9d13      1%          7
 Summon Cactus Giant      Summ           29%        N/A       30%         6
 Enfeeble                 Hex            36%        N/A       41%         7
 Death Channel            Necr           26%        N/A       43%         6
 Simulacrum               Ice/Necr       26%        N/A       43%         6
 Summon Hydra             Summ           29%        N/A       86%         7
 Haunt                    Necr/Summ      27%        N/A       91%         7
 Discord                  Hex            36%        N/A       98%         8
 Fire Storm               Conj/Fire      40%        8d10      99%         9
 Disjunction              Tloc           30%        N/A       100%        8
 Infestation              Necr           26%        N/A       100%        8
 Animate Armour           Summ/Erth      Unusable   N/A       N/A         4

Dungeon Overview and Level Annotations

Branches:
Dungeon (15/15)            Temple (0/1) D:7            Lair (5/5) D:8
  Swamp (4/4) Lair:3        Snake (4/4) Lair:3        Slime (5/5) Lair:4
    Orc (2/2) D:12            Elf (3/3) Orc:2        Vaults (5/5) D:14
  Crypt (3/3) Vaults:2       Tomb (2/3) Crypt:3      Depths (4/4) D:15
   Hell (visited)             Dis (0/7) Hell            Coc (0/7) Hell
    Tar (3/7) Hell            Zot (0/5) Depths:4     Bailey (visited)
  IceCv (visited)         Volcano (visited)          WizLab (visited)
    Geh: Hell:1

Altars:
Ashenzari
Cheibriados
Dithmenos
Elyvilon
Hepliaklqana
Makhleb
Sif Muna
Trog
Vehumet
Wu Jian
Xom
Zin
Jiyva

Shops:
D:3 (   D:9 ?   Orc:1 [   Orc:2 (:![*   Elf:3 *   Snake:2 ****(   Snake:3 (=(
Vaults:3 [   Vaults:4 =(=

Portals:
Hell: Depths:1 Depths:2 Depths:3 Depths:4
Abyss: D:13 Depths:3 Depths:4
Pandemonium: Depths:2 Depths:4
Ziggurat: Depths:2
Trove: Depths:3 (give 7 potions of haste)

Annotations:
D:13 2 transporters, Ruduteto's ghost, journeyman FoFi
Swamp:4 1 transporter
Snake:2 exclusion: 2 doors
Elf:2 3 runed translucent doors
Elf:3 2 transporters, NoOffense's ghost, adept TrMo
Depths:1 1 runed translucent door, Qoapt's ghost, veteran GnSk


Innate Abilities, Weirdness & Mutations

You are a lightning-filled tempest!
Your electrical attacks strike out in all directions at once.
You are incredibly evasive.
Your insubstantial body is immune to petrification, constriction, and being set on fire You are flying.
You are immune to poison.
((You have sharp claws.))
((You have razor-sharp teeth.))
You have supernaturally acute eyesight. (SInv)
((You cover ground quickly. (Speed+)))
((Your thick and shaggy fur keeps you warm. (AC +3, rC+)))
((Your paws help you pounce on unaware monsters.))
You are incapable of wielding weapons or throwing items.
You cannot wear armour.
You gain extra lives every three experience levels.
((You have a pair of horns on your head.))
((You are partially covered in iridescent scales. (AC +2)))
You possess an exceptional clarity of mind.
Your mind is very acute. (Int +8, Str/Dex -2)
Your body sometimes deteriorates upon taking damage.
((Your flesh is heat resistant. (rF+)))
Your magical capacity is very low. (-20% MP)
Potions are less effective at restoring your health.


Message History

The tainted leviathan attempts to bespell you!
You are unaffected.
Your spellforged servitor casts a spell at the tainted leviathan.
The crystal spear hits the tainted leviathan!
Unknown command.
You hit the tainted leviathan but do no damage.
Lightning courses through the tainted leviathan!
The tainted leviathan is moderately damaged.
The tainted leviathan hits you but does no damage. x2
Unknown command.
Casting: Spellforged Servitor (dangerous; 4% risk of failure)
Confirm with . or Enter, or press ? or * to list all spells.
Aiming: Lehudib's Crystal Spear (dangerous; 1% risk of failure)
Press: ? - help, Shift-Dir - straight line, f - tainted leviathan
Aim: a tainted leviathan, quivering large rocks (moderately damaged, ally target, 100% to hit)
The crystal spear hits the tainted leviathan!!!
The tainted leviathan is severely damaged.
The tainted leviathan attempts to bespell you!
You are unaffected.
Your spellforged servitor points at the tainted leviathan and mumbles some strange words.
The crystal spear hits the tainted leviathan!!
You hit the tainted leviathan.
The tainted leviathan is almost destroyed.
Unknown command.
You batter the tainted leviathan!!
You destroy the tainted leviathan!
Vehumet accepts your kill.
You feel your power returning.
You feel your dexterity returning.
Unknown command.
You buffet the hellion!
The hellion is moderately wounded.
The hellion gestures at you.
The sphere of damnation explodes!
The damnation engulfs you!!
* * * LOW HITPOINT WARNING * * *
The damnation engulfs the hellion.
The hellion completely resists.
Unknown command.
The hellion gestures at you.
The sphere of damnation explodes!
The damnation engulfs you!!
You die...

#####☼○# #.#.°.☼#
##...○○.##
##....°...#
#######....##.....#
#..#9#Z....##.....#
#....2DD#.####..###
#....###### ..##
#...v#### ..
#.......#... ...
#............
#............
#..).........
#............
#.∩..^.......
#############


You could see a spectral titan, a hellion and a friendly spellforged servitor
(summoned).

Vanquished Creatures
  Dissolution (Slime:2)
  the Royal Jelly (Slime:5)
  2 dread liches
  Mennas (Depths:3)
  A juggernaut (Depths:1)
  26 royal mummies
  the Lernaean hydra (Swamp:4)
  Saint Roka (Depths:2)
  A caustic shrike (Depths:3)
  Geryon (Hell)
  2 profane servitors
  2 bone dragons
  9 tentacled monstrosities
  7 doom hounds
  Cloud Mage (WizLab)
  Zenata (Crypt:1)
  Asterion (Vaults:1)
  Mlioglotl (Snake:2)
  Rupert (D:12)
  8 liches
  2 deep elf master archers (Elf:3)
  8 titans
  2 deep elf blademasters (Elf:3)
  A tainted leviathan (Tar:3)
  3 searing wretches (Hell)
  16 sphinxes
  2 quicksilver dragons (Vaults:5)
  8 ancient champions
  Frances (Swamp:1)
  11 acid blobs
  6 tengu reavers
  The ghost of zammaz the Eclecticist, an adept DEIE of Vehumet (Vaults:1)
  Kirke (D:13)
  4 storm dragons
  7 shadow dragons
  Donald (Orc:2)
  A fenstrider witch (Swamp:3)
  3 revenants
  4 nagarajas (Snake:4)
  9 rockslimes
  8 fire giants
  8 azure jellies
  2 iron dragons
  11 deep elf sorcerers
  5 frost giants
  21 vault wardens
  The ghost of Noixka the Fighter, a journeyman DrTm of Gozag (Swamp:2)
  A draconian shifter (Depths:4)
  A ghoul (Vaults:2)
  The ghost of Bnni the Markstengu, an adept TeHu of Hepliaklqana (Swamp:4)
  4 draconian stormcallers (Depths:4)
  A cacodemon (Hell)
  7 curse skulls
  2 deep elf elementalists (Elf:3)
  5 reapers
  3 orc warlords
  The ghost of Hedwouzi the Slicer, a journeyman KoBr of Uskayaw (Swamp:2)
  22 ironbound preservers
  4 war gargoyles
  7 quicksilver oozes
  A caustic shrike skeleton (Tomb:2)
  17 very ugly things
  13 stone giants
  A putrid mouth (Tar:3)
  4 ironbound thunderhulks
  An eleionoma (Swamp:2)
  5 deep elf demonologists
  10 dire elephants
  Azrael (Snake:2)
  4 bennus (Tomb:2)
  An elemental wellspring (Hell)
  7 vampire knights
  5 bunyips
  A wendigo (Hell)
  A purple draconian (Depths:4)
  A red draconian (Depths:4)
  9 deep elf annihilators
  A minotaur (shapeshifter) (Vaults:5)
  Snorg (D:13)
  8 spark wasps
  12 deep elf death magi
  10 ettins
  4 blizzard demons
  7 jiangshi (Crypt:1)
  An eidolon (Crypt:3)
  A crystal guardian (Vaults:4)
  A green death (Depths:2)
  A spectral quicksilver dragon (Tar:3)
  A shambling mangrove (Swamp:4)
  18 mummy priests
  Josephine (D:12)
  A merfolk impaler (Depths:1)
  5 deep elf high priests
  8 fire dragons
  15 yaktaur captains
  2 entropy weavers
  A spectral spriggan (Tar:1)
  3 peacekeepers
  9 great orbs of eyes
  6 salamander tyrants
  37 vault guards
  6 ghost crabs
  Erolcha (D:13)
  10 ironbound frosthearts
  3 ogre magi
  2 spriggan air magi
  25 hydras
  19 centaur warriors
  7 ice dragons
  A death knight (Crypt:2)
  11 anacondas
  3 catoblepae
  6 alligators
  3 boulder beetles
  An alligator snapping turtle (shapeshifter) (Vaults:5)
  15 naga warriors
  5 deep troll earth magi
  A stoker (Hell)
  9 hell hogs
  12 death scarabs
  A thrashing horror (Lair:5)
  4 spriggan berserkers
  7 two-headed ogres
  8 vampire magi
  5 deep troll shamans
  18 dancing weapons
  3 tengu warriors
  Urug (Orc:1)
  5 hell knights (Hell)
  11 shock serpents
  11 naga sharpshooters
  An orc high priest (Orc:2)
  12 deep elf knights
  A storm dragon zombie (Crypt:3)
  3 soul eaters
  Sonja (Lair:3)
  A fire crab (shapeshifter) (Depths:1)
  3 iron trolls
  13 sun demons
  A titan skeleton (Depths:1)
  A skyshark (Lair:3)
  Nergalle (Orc:2)
  11 salamander mystics
  A shadow wraith (Crypt:3)
  4 sixfirhies
  27 skeletal warriors
  A spark wasp zombie (Depths:1)
  2 goliath frogs (Swamp:2)
  3 death drakes (WizLab)
  A death drake (shapeshifter) (Vaults:4)
  60 deep trolls
  3 sea snakes (Snake:2)
  5 flayed ghosts
  4 glowing orange brains
  3 spriggan druids
  14 deep elf archers
  11 bog bodies
  5 naga ritualists
  A spectral iron dragon (Tar:2)
  8 swamp dragons
  2 fenstrider witch simulacra (Hell)
  8 ironbound convokers
  2 anaconda skeletons (Snake:2)
  9 phantasmal warriors
  7 wizards
  9 lindwurms
  22 deep elf pyromancers
  6 mana vipers
  9 orc knights
  5 necromancers
  9 will-o-the-wisps
  26 deep elf zephyrmancers
  An oklob plant (Lair:3)
  41 ugly things
  A frost giant zombie (Crypt:1)
  6 shining eyes
  5 manticores
  6 orc sorcerers
  34 salamanders
  10 cyclopes
  12 guardian serpents
  2 centaur zombies (D:15)
  2 rust devils
  6 eyes of devastation
  33 black mambas
  10 elephants
  Joseph (D:8)
  22 vault sentinels
  A gargoyle (D:10)
  15 naga magi
  A stone giant skeleton (Depths:1)
  4 apocalypse crabs (WizLab)
  2 orange demons (D:13)
  10 cane toads
  3 unseen horrors
  A kobold demonologist (D:12)
  A komodo dragon (shapeshifter) (Lair:5)
  A rime drake (Lair:2)
  A cane toad (shapeshifter) (D:11)
  A white draconian zombie (Crypt:2)
  23 yaktaurs
  A black draconian skeleton (Crypt:1)
  4 freezing wraiths
  2 tengu conjurers
  7 ice devils
  A tormentor (Hell)
  14 komodo dragons
  A golden dragon simulacrum (IceCv)
  An ancient zyme (Lair:5)
  18 guardian mummies
  A bunyip simulacrum (Crypt:2)
  A harpy zombie (Crypt:2)
  2 red devils
  3 bloated husks (Swamp:4)
  A purple draconian skeleton (Crypt:3)
  4 polar bears
  3 mana viper skeletons
  13 hornets
  A queen bee (Lair:1)
  3 spectral harpies
  8 tyrant leeches
  A tarantella (Vaults:3)
  3 wind drakes (WizLab)
  5 trolls
  Grinder (D:6)
  18 blink frogs (Lair:5)
  A spectral orc (Orc:2)
  2 ettin zombies (Crypt:2)
  A jumping spider zombie (Crypt:1)
  10 flying skulls
  Sigmund (D:4)
  64 slime creatures
  A stone giant simulacrum (Hell)
  12 air elementals (WizLab)
  6 water elementals
  4 ynoxinuls
  A vampire (D:9)
  68 yaks
  4 nameless horrors
  2 shadows
  7 wyverns
  7 fire elementals
  A wind drake zombie (Crypt:2)
  9 wraiths
  10 spriggans
  3 hogs (D:13)
  13 fire bats
  17 humans
  10 small abominations (Lair:5)
  7 ushabtiu
  9 basilisks
  4 chaos spawn
  13 vampire mosquitoes
  3 neqoxecs (D:13)
  A steam dragon (Volcano)
  2 large abominations (Lair:5)
  2 redbacks (Vaults:1)
  5 wargs
  2 harpy simulacra (Hell)
  Menkaure (D:6)
  A two-headed ogre zombie (D:12)
  A naga zombie (Tomb:1)
  4 acid dragons
  38 nagas
  15 swamp worms
  2 floating eyes
  3 hydra simulacra
  9 water moccasins
  Duvessa (D:6)
  A floating eye (shapeshifter) (Vaults:5)
  A hell hound (Snake:2)
  A spectral troll (Orc:2)
  A hornet zombie (D:15)
  An ice beast (D:8)
  45 orc warriors
  8 swamp drakes
  A boggart (shapeshifter) (Depths:2)
  An ettin simulacrum (IceCv)
  8 ogres
  18 boggarts
  17 wolves
  13 centaurs
  2 phantoms
  3 kobold brigands
  A vine stalker zombie (Crypt:1)
  3 gnoll sergeants (D:8)
  A cyclops zombie (Crypt:3)
  7 bullfrogs
  3 earth elementals
  A komodo dragon skeleton (Crypt:2)
  A water moccasin zombie (Crypt:1)
  A scorpion (D:6)
  Dowan (D:6)
  A troll zombie (D:12)
  27 killer bees
  A killer bee (shapeshifter) (Vaults:5)
  A spectral ogre (Orc:2)
  A polar bear skeleton (Crypt:2)
  3 electric eels
  A wolf zombie (Crypt:1)
  6 howler monkeys
  2 lava snakes (Snake:1)
  3 hounds
  A gnoll bouda (D:6)
  18 orc priests
  A centaur skeleton (Crypt:2)
  5 iguanas
  A jelly (D:6)
  2 black bear skeletons
  14 hell rats (Hell)
  20 orc wizards
  6 ogre zombies (D:12)
  A tengu zombie (Crypt:3)
  35 mummies
  18 gnolls
  4 adders
  A shadow imp (D:5)
  3 white imps
  An ufetubus (D:6)
  3 orc simulacra (Orc:2)
  A worm (D:4)
  A dart slug (D:3)
  70 orcs
  5 ball pythons
  3 bats
  3 endoplasms
  3 giant cockroaches (D:2)
  10 goblins
  4 hobgoblins
  2 jackals (D:2)
  31 kobolds
  A quokka (shapeshifter) (Vaults:5)
  4 quokkas
  A frilled lizard (D:2)
  A gnoll skeleton (Crypt:3)
  4 goblin zombies (D:12)
  4 hobgoblin skeletons
  9 hobgoblin zombies
  An orc skeleton (D:12)
  10 orc zombies (D:12)
  5 rats
2284 creatures vanquished.

Vanquished Creatures (collateral kills)
  A royal mummy (Tomb:1)
  A caustic shrike (shapeshifter) (Depths:3)
  2 golden dragons
  Nikola (Swamp:3)
  A bone dragon (Tar:3)
  A spectral shard shrike (Tar:3)
  A searing wretch (Hell)
  5 acid blobs
  Grunn (Depths:3)
  A walking frostbound tome (Depths:2)
  An ancient champion (Crypt:3)
  2 azure jellies (Slime:5)
  A tengu reaver (Depths:2)
  4 rockslimes
  A shadow dragon (Depths:2)
  2 frost giants
  The ghost of Odexios the Earth Mage, a journeyman DgEE (Snake:1)
  An iron dragon (Depths:3)
  A quicksilver ooze (Slime:5)
  3 stone giants
  A war gargoyle (Hell)
  A putrid mouth (Tar:3)
  2 bennus (Tomb:2)
  The ghost of Ge0ff the Destroyer, a journeyman NaCA of Ignis (Lair:3)
  A spark wasp (Depths:3)
  A purple draconian (Depths:4)
  A black draconian (Depths:4)
  An eidolon (Tar:1)
  An ettin (Depths:3)
  A spectral spriggan (Tar:1)
  A fire dragon (Depths:3)
  A great orb of eyes (Slime:1)
  A shambling mangrove (Swamp:2)
  3 ice dragons
  An ironbound frostheart (Vaults:3)
  The ghost of Conn the Arsonist, a journeyman OpFE of Sif Muna (Orc:2)
  2 death scarabs (Tomb:2)
  A soul eater (Hell)
  A skeletal warrior (Crypt:3)
  A deep troll (Vaults:3)
  4 shining eyes
  A black mamba (Lair:3)
  An orange demon (Hell)
  A komodo dragon (Lair:1)
  A pale draconian skeleton (Crypt:3)
  A red devil (Hell)
  A spectral harpy (Tar:1)
  6 guardian mummies
  A hornet (Swamp:2)
  A mana viper skeleton (Crypt:3)
  4 flying skulls
  15 slime creatures
  2 ushabtiu (Tomb:2)
  An ice beast (D:8)
  An ogre (D:5)
  A wolf (D:8)
  A centaur (D:6)
  A cyclops skeleton (Crypt:3)
  A howler monkey (D:7)
  A jelly (D:4)
  2 sleepcaps
  Jessica (D:3)
  2 orc wizards
  A troll simulacrum (Orc:2)
  12 mummies
  3 gnolls (D:8)
  3 adders
  A worm (D:4)
  14 orcs
  A bat (D:1)
  2 goblins
  A hobgoblin (D:1)
  11 jackals
  A quokka (D:4)
  A frilled lizard (D:2)
  A creeping inferno (Hell)
  3 fire vortices (Hell)
162 creatures vanquished.

Vanquished Creatures (others)
  An ice dragon (Depths:4)
  2 shock serpents (WizLab)
  3 deep elf knights
  A bog body (Swamp:4)
  A deep elf pyromancer (Elf:1)
  A deep elf zephyrmancer (Elf:1)
  A yaktaur (Vaults:2)
  A troll (shapeshifter) (D:13)
  2 bloated husks
  A human (D:13)
  2 vampire mosquitoes (Swamp:4)
  5 demonic plants (D:13)
  3 fire vortices (Hell)
  12 foxfires
  32 fungi
  141 plants
  4 toadstools (D:5)
  A withered plant (Swamp:3)
214 creatures vanquished.

Grand Total: 2660 creatures vanquished

Notes
Turn   | Place    | Note
-------+----------+-------------------------------------------
     0 | D:1      | Lavandula the Felid Hedge Wizard began the quest for the
                  | Orb.
     0 | D:1      | Reached XP level 1. HP: 7/7 MP: 5/5
   456 | D:1      | Reached XP level 2. HP: 11/11 MP: 4/7
   459 | D:1      | Learned a level 2 spell: Blink
   462 | D:1      | Learned a level 2 spell: Call Imp
   949 | D:1      | Learned a level 2 spell: Cigotuvi's Dreadful Rot
  1412 | D:2      | Reached skill level 4 in Spellcasting
  1412 | D:2      | Reached XP level 3. HP: 8/14 MP: 1/9
  1416 | D:2      | Learned a level 3 spell: Stone Arrow
  1694 | D:2      | Found a radiant altar of Vehumet.
  2403 | D:3      | Reached XP level 4. HP: 18/18 MP: 7/11
  2691 | D:3      | Reached skill level 5 in Spellcasting
  3004 | D:3      | Noticed Jessica
  3029 | D:3      | Learned a level 3 spell: Mephitic Cloud
  3057 | D:3      | Found Vuyjox's Weapon Shoppe.
  3065 | D:3      | Found a burning altar of Makhleb.
  3113 | D:3      | Killed Jessica
  3114 | D:3      | Reached skill level 1 in Conjurations
  3114 | D:3      | Reached XP level 5. HP: 21/21 MP: 1/13
  3657 | D:4      | Noticed Sigmund
  4280 | D:4      | Gained mutation: You are covered in thick fur. (AC +2)
                  | [Felid growth]
  4280 | D:4      | Reached XP level 6. HP: 24/24 MP: 8/14
  4282 | D:4      | Learned a level 1 spell: Shock
  4380 | D:2      | Became a worshipper of Vehumet
  4936 | D:5      | Entered Level 5 of the Dungeon
  5033 | D:5      | Reached skill level 1 in Air Magic
  5689 | D:5      | Reached skill level 1 in Earth Magic
  5963 | D:5      | Reached * piety under Vehumet
  5963 | D:5      | Offered knowledge of Foxfire by Vehumet.
  6190 | D:5      | Reached XP level 7. HP: 27/27 MP: 7/15
  6632 | D:6      | You fall into a shaft and drop 1 floor!
  6745 | D:6      | Noticed Grinder
  6772 | D:8      | Noticed Joseph
  6781 | D:8      | Slain by a bullfrog
  6782 | D:8      | Reached XP level 6. HP: -2/24 MP: 2/14
  6882 | D:8      | Reached skill level 5 in Dodging
  6882 | D:8      | Reached XP level 7. HP: 7/27 MP: 6/15
  6970 | D:8      | Found a flagged portal.
  6997 | Bailey   | Entered a bailey
  7070 | Bailey   | Identified the +9 plate armour of the Past {Rampage}
  7076 | Bailey   | Noticed an orc knight
  7085 | Bailey   | Killed an orc knight
  7086 | Bailey   | Reached XP level 8. HP: 31/31 MP: 2/16
  7654 | Bailey   | Offered knowledge of Static Discharge by Vehumet.
  7683 | Bailey   | Reached ** piety under Vehumet
  7691 | Bailey   | Learned a level 2 spell: Static Discharge
  7938 | Bailey   | Found the +3 Mad Mage's Maulers {Infuse+∞ VampMP -Cast}
  8071 | D:8      | Killed Joseph
  8072 | D:8      | Reached skill level 6 in Spellcasting
  8072 | D:8      | Reached XP level 9. HP: 8/40 MP: 5/19
  8077 | D:8      | Learned a level 4 spell: Olgreb's Toxic Radiance
  8344 | D:8      | Noticed a rime drake
  8637 | D:8      | Killed from afar by a rime drake
  8638 | D:8      | Reached XP level 8. HP: -6/36 MP: 16/18
  8638 | D:8      | Upgraded the game from 0.30-a0-857-gcaf70739d4 to
                  | 0.30-a0-859-gf88a04b62d
  8674 | D:8      | Reached skill level 1 in Poison Magic
  8948 | D:6      | Killed Grinder
  9072 | D:6      | Noticed Dowan
  9074 | D:6      | Noticed Duvessa
  9081 | D:6      | Killed Dowan
  9140 | D:6      | Killed Duvessa
  9673 | D:6      | Found a white marble altar of Elyvilon.
  9673 | D:6      | Found a glowing silver altar of Zin.
  9673 | D:6      | Found a hazy altar of Hepliaklqana.
  9673 | D:6      | Found a broken altar of Ashenzari.
  9801 | D:6      | Noticed Menkaure
  9805 | D:6      | Killed Menkaure
  9806 | D:6      | Reached skill level 5 in Poison Magic
 10155 | D:7      | Found a staircase to the Ecumenical Temple.
 10167 | D:7      | Reached XP level 9. HP: 40/40 MP: 13/19
 10175 | D:7      | Reached skill level 5 in Fighting
 10359 | D:7      | Offered knowledge of Kindle Blastsparks by Vehumet.
 10659 | D:7      | Reached *** piety under Vehumet
 10737 | D:7      | Reached skill level 5 in Stealth
 11526 | D:8      | Found a staircase to the Lair.
 11964 | D:9      | Offered knowledge of Fulminant Prism by Vehumet.
 11978 | D:9      | Reached XP level 10. HP: 28/45 MP: 5/20
 11990 | D:9      | Reached skill level 10 in Stealth
 12328 | D:10     | Entered Level 10 of the Dungeon
 12384 | D:10     | Reached skill level 7 in Spellcasting
 12640 | D:10     | Noticed a gargoyle
 12645 | D:10     | Killed a gargoyle
 12651 | D:10     | Learned a level 4 spell: Airstrike
 13604 | D:11     | Reached skill level 5 in Air Magic
 13788 | D:11     | Noticed a cane toad
 13793 | D:11     | Killed a cane toad
 13794 | D:11     | Reached XP level 11. HP: 48/48 MP: 6/23
 13893 | D:11     | Reached **** piety under Vehumet
 13899 | D:11     | Upgraded the game from 0.30-a0-859-gf88a04b62d to
                  | 0.30-a0-860-g512cf1e979
 14059 | D:11     | Reached skill level 8 in Spellcasting
 14431 | D:11     | Reached skill level 9 in Spellcasting
 14555 | D:11     | Learned a level 4 spell: Cause Fear
 14607 | D:11     | Offered knowledge of Fireball by Vehumet.
 14619 | D:11     | Reached skill level 1 in Hexes
 15015 | D:12     | Identified the +9 sling "Loopy" {freeze, Contam rPois Int+5
                  | SInv}
 15055 | D:12     | Noticed a white ugly thing
 15064 | D:12     | Slain by a white ugly thing
 15065 | D:12     | Reached XP level 10. HP: 0/45 MP: 12/24
 15100 | D:12     | Noticed a deep elf pyromancer
 15540 | D:9      | Found Ydionlah's Magic Scroll Boutique.
 15549 | D:9      | Bought a scroll of teleportation for 45 gold pieces
 15549 | D:9      | Bought a scroll of fog for 60 gold pieces
 15549 | D:9      | Bought a scroll of magic mapping for 112 gold pieces
 15549 | D:9      | Bought a scroll of noise for 15 gold pieces
 15549 | D:9      | Bought a scroll of amnesia for 60 gold pieces
 15836 | Lair:1   | Entered Level 1 of the Lair of Beasts
 15991 | Lair:1   | Noticed a cane toad
 16108 | Lair:1   | Killed a cane toad
 16377 | Lair:1   | Noticed a catoblepas
 16392 | Lair:1   | Killed a catoblepas
 16501 | Lair:1   | Noticed a cane toad
 16507 | Lair:1   | Killed a cane toad
 16714 | Lair:1   | Reached XP level 11. HP: 45/48 MP: 17/25
 16718 | Lair:1   | Reached skill level 5 in Earth Magic
 17418 | Lair:1   | Reached ***** piety under Vehumet
 17418 | Lair:1   | Offered knowledge of Lightning Bolt by Vehumet.
 17904 | Lair:2   | Found a shimmering blue altar of Sif Muna.
 18113 | Lair:2   | Reached skill level 10 in Spellcasting
 18236 | Lair:2   | Noticed a six-headed hydra
 18240 | Lair:2   | Killed a six-headed hydra
 18464 | Lair:2   | Noticed a skyshark
 18582 | Lair:3   | Found a dark tunnel.
 18634 | Volcano  | Entered a volcano
 18923 | Volcano  | Reached skill level 11 in Spellcasting
 19107 | Volcano  | Noticed a two-headed ogre
 19117 | Volcano  | Gained mutation: Your thick and shaggy fur keeps you warm.
                  | (AC +3, rC+) [Felid growth]
 19117 | Volcano  | Reached XP level 12. HP: 52/52 MP: 10/28
 19143 | Volcano  | Killed a two-headed ogre
 19192 | Volcano  | Learned a level 6 spell: Statue Form
 19293 | Volcano  | Reached skill level 1 in Transmutations
 19936 | Volcano  | Noticed a two-headed ogre
 19940 | Volcano  | Noticed a fire dragon
 20095 | Volcano  | Killed a two-headed ogre
 20096 | Volcano  | Reached skill level 5 in Transmutations
 20373 | Volcano  | Killed a fire dragon
 21034 | Lair:3   | Noticed a five-headed hydra
 21037 | Lair:3   | Noticed a boulder beetle
 21043 | Lair:3   | Found a staircase to the Snake Pit.
 21134 | Lair:3   | Noticed a seven-headed hydra
 21145 | Lair:3   | Noticed Ge0ff's ghost (journeyman NaCA)
 21156 | Lair:3   | Killed a seven-headed hydra
 21268 | Lair:3   | Reached skill level 1 in Unarmed Combat
 21553 | Lair:3   | Noticed a seven-headed hydra
 21561 | Lair:3   | Killed a seven-headed hydra
 21668 | Lair:3   | Noticed a four-headed hydra
 21723 | Lair:3   | Noticed an eight-headed hydra
 21730 | Lair:3   | Killed an eight-headed hydra
 21928 | Lair:3   | Found a staircase to the Swamp.
 21980 | Lair:3   | Killed a four-headed hydra
 22501 | Lair:3   | Found the +1 robe of Vines {NoPotionHeal Regen++++}
 22631 | Lair:3   | Reached skill level 5 in Unarmed Combat
 22720 | Lair:3   | Reached XP level 13. HP: 55/55 MP: 14/29
 22903 | Lair:3   | Noticed Sonja
 22908 | Lair:3   | Killed Sonja
 23046 | Lair:3   | Found a runed translucent gate.
 23046 | Lair:3   | Found a runed translucent gate.
 23046 | Lair:3   | Found a runed translucent gate.
 23890 | Lair:4   | Identified a scroll of acquirement
 23891 | Lair:4   | Acquired the ring "Qoxtercha" {AC+4 Int+4}
 24319 | Lair:4   | Identified the ring of Micocroe {rPois rC+ Will- Int+2}
 24416 | Lair:4   | Found a runed translucent door.
 24418 | Lair:4   | Found a staircase to the Slime Pits.
 24418 | Lair:4   | Noticed an acid blob
 24605 | Lair:5   | Entered Level 5 of the Lair of Beasts
 24844 | Lair:5   | Acquired an amulet of regeneration
 25128 | Lair:5   | Reached skill level 12 in Spellcasting
 25467 | Lair:5   | Identified the +1 leather armour of an ice cave {rPois}
 26574 | Lair:5   | Reached skill level 13 in Spellcasting
 27144 | Lair:5   | Learned a level 7 spell: Storm Form
 27289 | Lair:5   | Offered knowledge of Conjure Ball Lightning by Vehumet.
 27436 | Lair:5   | Noticed a juggernaut
 27862 | D:12     | Reached XP level 14. HP: 63/63 MP: 23/32
 28055 | D:12     | Noticed Josephine
 28064 | D:12     | Killed Josephine
 28408 | D:12     | Found a staircase to the Orcish Mines.
 28544 | D:12     | Noticed Rupert
 28717 | D:13     | Noticed Kirke
 28732 | D:13     | Killed Kirke
 28896 | D:13     | Reached ****** piety under Vehumet
 28913 | D:13     | Found a transporter.
 28942 | D:13     | Reached skill level 10 in Transmutations
 28942 | D:13     | Gained mutation: Your body sometimes deteriorates upon
                  | taking damage. [a neqoxec]
 28947 | D:13     | Gained mutation: You have hidden genetic potential. [a
                  | neqoxec]
 28970 | D:13     | Noticed Erolcha
 28980 | D:13     | Killed Erolcha
 29312 | D:13     | Gained mutation: You sometimes lose your temper in combat.
                  | [a neqoxec]
 29632 | D:14     | Found a gate to the Vaults.
 29733 | D:12     | Killed Rupert
 30355 | Orc:1    | Entered Level 1 of the Orcish Mines
 30390 | Orc:1    | Noticed an orc warlord
 30392 | Orc:1    | Offered knowledge of Spellforged Servitor by Vehumet.
 30408 | Orc:1    | Killed an orc warlord
 30491 | Orc:1    | Lost mutation: You have hidden genetic potential. [potion
                  | of mutation]
 30491 | Orc:1    | Lost mutation: You sometimes lose your temper in combat.
                  | [potion of mutation]
 30491 | Orc:1    | Gained mutation: Your mind is acute. (Int +4, Str/Dex -1)
                  | [potion of mutation]
 30491 | Orc:1    | Gained mutation: You have a pair of small horns on your
                  | head. [potion of mutation]
 30491 | Orc:1    | Gained mutation: Your magical capacity is low. (-10% MP)
                  | [potion of mutation]
 30538 | Orc:1    | Found Erghud Zech's Armour Emporium.
 30546 | Orc:1    | Noticed Urug
 30548 | Orc:1    | Noticed an orc warlord
 30570 | Orc:1    | Killed Urug
 30588 | Orc:1    | Killed an orc warlord
 30984 | Orc:2    | Entered Level 2 of the Orcish Mines
 31164 | Orc:2    | Noticed Donald
 31187 | Orc:2    | Killed Donald
 31339 | Orc:2    | Found a runed translucent gate.
 31339 | Orc:2    | Found a runed translucent gate.
 31339 | Orc:2    | Found a runed translucent gate.
 31340 | Orc:2    | Found Coq Coluqia's Distillery.
 31350 | Orc:2    | Bought a potion of resistance for 130 gold pieces
 31350 | Orc:2    | Bought a potion of invisibility for 104 gold pieces
 31350 | Orc:2    | Bought a potion of curing for 39 gold pieces
 31350 | Orc:2    | Bought a potion of magic for 104 gold pieces
 31350 | Orc:2    | Bought a potion of resistance for 130 gold pieces
 31350 | Orc:2    | Bought a potion of might for 52 gold pieces
 31396 | Orc:2    | Found a staircase to the Elven Halls.
 31554 | Orc:2    | Noticed Nergalle
 31577 | Orc:2    | Killed Nergalle
 31645 | Orc:2    | Reached XP level 15. HP: 48/66 MP: 24/30
 31649 | Orc:2    | Offered knowledge of Ozocubu's Refrigeration by Vehumet.
 31650 | Orc:2    | Reached skill level 10 in Air Magic
 32224 | Orc:2    | Found Fynennat's Antique Weapon Emporium.
 32249 | Orc:2    | Found Zuamm's Antique Armour Emporium.
 32308 | Orc:2    | Found Neotsun's General Store.
 32314 | Orc:2    | Bought a potion of resistance for 150 gold pieces
 32314 | Orc:2    | Bought a scroll of silence for 142 gold pieces
 32424 | Orc:2    | Found Gackocs's Book Emporium.
 32526 | Orc:2    | Noticed Conn's ghost (journeyman OpFE)
 32711 | Swamp:1  | Entered Level 1 of the Swamp
 32730 | Swamp:1  | Noticed Frances
 33150 | Swamp:1  | Killed Frances
 33250 | Swamp:1  | Reached skill level 1 in Evocations
 33914 | Swamp:2  | Reached skill level 5 in Evocations
 33945 | Swamp:2  | Found a frozen archway.
 33979 | IceCv    | Entered an ice cave
 35083 | Swamp:2  | Found a runed translucent door.
 35087 | Swamp:2  | Found a shimmering altar of Xom.
 35087 | Swamp:2  | Noticed Noixka's ghost (journeyman DrTm)
 35371 | Swamp:2  | Reached skill level 14 in Spellcasting
 35483 | Swamp:3  | Noticed Hedwouzi's ghost (journeyman KoBr)
 35483 | Swamp:3  | Found a runed translucent door.
 35585 | Swamp:2  | Killed Hedwouzi's ghost
 35767 | Swamp:3  | Got the Commentary on Trauma
 36027 | Swamp:3  | Noticed a fenstrider witch
 36030 | Swamp:3  | Killed a fenstrider witch
 36070 | Swamp:3  | Noticed Nikola
 36079 | Swamp:3  | Killed Nikola
 36327 | Swamp:4  | Entered Level 4 of the Swamp
 36361 | Swamp:4  | Found a transporter.
 36364 | Swamp:4  | Noticed Bnni's ghost (adept TeHu)
 36582 | Swamp:4  | Found a transporter.
 36676 | Swamp:4  | Reached skill level 15 in Spellcasting
 36719 | Swamp:4  | Learned a level 6 spell: Iron Shot
 36887 | Swamp:4  | Offered knowledge of Arcjolt by Vehumet.
 36910 | Swamp:4  | Reached XP level 16. HP: 70/70 MP: 21/32
 38556 | Swamp:4  | Reached skill level 10 in Earth Magic
 38597 | Swamp:4  | Noticed the 27-headed Lernaean hydra
 38602 | Swamp:4  | Killed the 27-headed Lernaean hydra
 38673 | Swamp:4  | Got a decaying rune of Zot
 39096 | Snake:1  | Entered Level 1 of the Snake Pit
 39664 | Snake:1  | Reached skill level 10 in Dodging
 39827 | Snake:1  | HP: 3/70 [poisoned by a black mamba]
 39832 | Snake:1  | HP: 2/70 [poisoned by a black mamba]
 40152 | Snake:1  | Found a runed translucent door.
 40356 | Snake:1  | Noticed Odexios's ghost (journeyman DgEE)
 40365 | Snake:1  | Offered knowledge of Freezing Cloud by Vehumet.
 42460 | D:4      | Killed Sigmund
 43307 | Snake:2  | Noticed Azrael
 43625 | Snake:2  | Found Cyamipp's General Store.
 43704 | Snake:2  | Reached XP level 17. HP: 73/73 MP: 20/33
 43893 | Snake:2  | Found Mutsy's Specific Store.
 43902 | Snake:2  | Bought a scroll of teleportation for 39 gold pieces
 44211 | Snake:2  | Found Jug Wot's Antique Weapon Emporium.
 44211 | Snake:2  | Found Ivvun's General Store.
 44215 | Snake:2  | Found Ulaydoiq's Assorted Antiques.
 44221 | Snake:2  | Bought a potion of resistance for 150 gold pieces
 44223 | Snake:2  | Bought 2 grey potions for 50 gold pieces
 44223 | Snake:2  | Bought a potion of lignification for 84 gold pieces
 44223 | Snake:2  | Bought 2 potions of magic for 448 gold pieces
 44223 | Snake:2  | Bought a potion of might for 112 gold pieces
 44225 | Snake:2  | Bought a scroll of identify for 30 gold pieces
 44387 | Snake:2  | Killed Azrael
 44390 | Snake:2  | Noticed Mlioglotl
 44544 | Snake:2  | Offered knowledge of Eringya's Noxious Bog by Vehumet.
 45237 | Snake:2  | Reached skill level 10 in Fighting
 45360 | Snake:2  | Killed Mlioglotl
 46278 | Snake:3  | Acquired the ring "Lujuh" {rPois rN+ Int+4 Dex+3 Slay+2}
 46303 | Snake:3  | Found Rovaod Tuddu's Antique Weapon Boutique.
 46510 | Snake:3  | Found Acrunwucu's Jewellery Shop.
 46885 | Snake:3  | Learned a level 6 spell: Eringya's Noxious Bog
 46907 | Snake:3  | Found Hidd's Weapon Boutique.
 47472 | Snake:4  | Entered Level 4 of the Snake Pit
 47871 | Snake:4  | Reached skill level 5 in Conjurations
 49268 | Snake:4  | Offered knowledge of Shatter by Vehumet.
 49268 | Snake:4  | Offered knowledge of Chain Lightning by Vehumet.
 49268 | Snake:4  | Offered knowledge of Ignition by Vehumet.
 49301 | Snake:4  | Reached XP level 18. HP: 84/84 MP: 34/34
 49816 | Snake:4  | Got a serpentine rune of Zot
 50468 | D:13     | Found a transporter.
 50544 | D:13     | Found a snail-covered altar of Cheibriados.
 50549 | D:13     | Noticed Snorg
 50555 | D:13     | Killed Snorg
 50763 | D:13     | Found a one-way gate to the infinite horrors of the Abyss.
 50763 | D:13     | Noticed Ruduteto's ghost (journeyman FoFi)
 51290 | D:14     | Acquired the Commentary on Changes and the Snake
 51300 | D:14     | Learned a level 5 spell: Irradiate
 51735 | Vaults:1 | Entered Level 1 of the Vaults
 51746 | D:15     | Entered Level 15 of the Dungeon
 52638 | D:15     | Found a staircase to the Depths.
 52842 | Elf:1    | Entered Level 1 of the Elven Halls
 53530 | Elf:1    | Reached skill level 10 in Conjurations
 54416 | Elf:2    | Found a magical portal.
 54419 | WizLab   | Entered The Chambers of the Cloud Mage
 54460 | WizLab   | Reached XP level 19. HP: 81/87 MP: 17/35
 54540 | WizLab   | Paralysed by an air elemental for 1 turns
 54774 | WizLab   | Paralysed by an air elemental for 1 turns
 55386 | WizLab   | Noticed Vadiwnal
 55399 | WizLab   | Killed Vadiwnal the Cloud Mage
 55434 | WizLab   | Identified the ring of Ivociez {Fly Will- Str+4 SInv}
 55447 | WizLab   | Got Qeteq's Book of Lightning
 55450 | WizLab   | Identified the ring of Pride {*Slow Fly rElec Str+3}
 56419 | Elf:2    | Found a runed translucent gate.
 56420 | Elf:2    | Found a runed translucent gate.
 56420 | Elf:2    | Found a runed translucent gate.
 56452 | Elf:3    | Entered Level 3 of the Elven Halls
 56493 | Elf:3    | Found a flickering gateway to a bazaar.
 56508 | Bazaar   | Entered a bazaar
 56522 | Bazaar   | Found Hurchu's Magic Scroll Emporium.
 56522 | Bazaar   | Found Paesty's Weapon Shoppe.
 56544 | Bazaar   | Found Hut Cash's General Store.
 56549 | Bazaar   | Bought a potion of curing for 30 gold pieces
 56549 | Bazaar   | Bought a wand of digging (6) for 252 gold pieces
 56560 | Bazaar   | Found Poom's Jewellery Emporium.
 56560 | Bazaar   | Found Lelurer's General Store.
 56582 | Bazaar   | Found Uwu Dais's General Store.
 56630 | Bazaar   | Bought a ring of resist corrosion for 240 gold pieces
 56656 | Bazaar   | Bought a scroll of blinking for 67 gold pieces
 56656 | Bazaar   | Bought a scroll of blinking for 67 gold pieces
 56656 | Bazaar   | Bought a scroll of fear for 36 gold pieces
 56656 | Bazaar   | Bought a scroll of magic mapping for 67 gold pieces
 56656 | Bazaar   | Bought a scroll of poison for 36 gold pieces
 56656 | Bazaar   | Bought a scroll of silence for 85 gold pieces
 56705 | Bazaar   | Bought a wand of quicksilver (4) for 168 gold pieces
 57259 | Elf:3    | Found a bloodstained altar of Trog.
 57261 | Elf:3    | Noticed NoOffense's ghost (adept TrMo)
 57266 | Elf:3    | Found a transporter.
 57282 | Elf:3    | Found a transporter.
 57432 | Elf:3    | Found Ithe Zit's CLEARANCE SALE!.
 57455 | Elf:3    | Bought a scroll of teleportation for 21 gold pieces
 58449 | Vaults:1 | Noticed Asterion
 58459 | Vaults:1 | Killed Asterion
 58565 | Vaults:1 | Found a runed translucent gate.
 58566 | Vaults:1 | Found a runed translucent gate.
 58567 | Vaults:1 | Found a runed translucent gate.
 58798 | Vaults:1 | Reached skill level 10 in Unarmed Combat
 59465 | Vaults:1 | Noticed zammaz's ghost (adept DEIE)
 59589 | Vaults:2 | Reached XP level 20. HP: 95/95 MP: 22/36
 60342 | Vaults:2 | Found a staircase to the Crypt.
 61455 | Vaults:3 | Reached skill level 16 in Spellcasting
 61959 | Vaults:2 | Learned a level 8 spell: Lehudib's Crystal Spear
 62188 | Vaults:3 | Found Rugenum's Armour Shoppe.
 62506 | Vaults:4 | Found Tuycvi's Weapon Shop.
 62556 | Vaults:4 | Found Main Tumi's Jewellery Emporium.
 62634 | Vaults:4 | Reached skill level 15 in Earth Magic
 62753 | Vaults:4 | Found the ring of the Mage {Wiz Archmagi}
 62780 | Vaults:4 | HP: 4/95 [war gargoyle/spray of metal splinters[a
                  | peacekeeper] (23)]
 62881 | Vaults:4 | Reached XP level 21. HP: 71/99 MP: 21/38
 62969 | Vaults:4 | Identified the +5 glaive "Raogeral" {venom, Contam Fly
                  | rCorr Dex+4}
 63488 | Vaults:4 | Found Heso's Jewellery Boutique.
 64584 | Elf:3    | Identified the ring "Riqolej" {rC+ Slay+2}
 64592 | Elf:3    | Identified the +5 rapier of Hest {flame, Int+2 Stlth+}
 64658 | Elf:3    | Found the +7 mace of Variability {chaos, chain chaos}
 64660 | Elf:3    | Found the +6 arbalest "Damnation" {damnation}
 64665 | Elf:3    | Found the macabre finger necklace {Finger+ rN+}
 64674 | Elf:3    | Identified the +1 scale mail of Hairiness {Slay+3}
 64708 | Elf:3    | Identified the +8 quarterstaff "Timnypn" {elec, rC+}
 64711 | Elf:3    | Identified the +7 plate armour of Icvixul {rPois rC+++
                  | Will- Dex-4}
 64774 | Elf:3    | Learned a level 9 spell: Shatter
 65144 | Depths:1 | Entered Level 1 of the Depths
 65184 | D:15     | Gained mutation: Your mind is very acute. (Int +8, Str/Dex
                  | -2) [mutagenic glow]
 65413 | Vaults:5 | Entered Level 5 of the Vaults
 65415 | Vaults:5 | Reached skill level 17 in Spellcasting
 65423 | Vaults:5 | Reached XP level 22. HP: 70/103 MP: 10/40
 65424 | Vaults:5 | Reached skill level 18 in Spellcasting
 65707 | Vaults:5 | HP: 2/103 [vault warden/+0 long sword (28)]
 65707 | Vaults:5 | Killed from afar by a deep elf high priest
 65708 | Vaults:5 | Reached XP level 21. HP: -11/99 MP: 40/40
 66145 | Vaults:5 | Reached skill level 19 in Spellcasting
 66509 | Vaults:5 | Identified the +3 glaive "Eviscerator" {antimagic, Int+2}
 66839 | Vaults:5 | Identified the ring of Uskayaw's Indignation {rN+ MP+9
                  | Str-5 Dex+6}
 66933 | Vaults:5 | Reached skill level 20 in Spellcasting
 67159 | Vaults:5 | Learned a level 7 spell: Spellforged Servitor
 67445 | Vaults:5 | Got a silver rune of Zot
 68174 | Slime:1  | Entered Level 1 of the Pits of Slime
 68799 | Slime:3  | Noticed Dissolution
 68808 | Slime:2  | Killed Dissolution
 68847 | Slime:3  | Reached XP level 22. HP: 95/103 MP: 32/43
 68858 | Slime:3  | Reached skill level 21 in Spellcasting
 68911 | Slime:3  | You fall into a shaft and drop 1 floor!
 69042 | Slime:4  | Gained mutation: Potions are less effective at restoring
                  | your health. [a shining eye]
 69047 | Slime:4  | Gained mutation: You are strong-willed. (Will+) [a shining
                  | eye]
 69221 | Slime:5  | Entered Level 5 of the Pits of Slime
 69412 | Slime:4  | Gained mutation: You are partially covered in iridescent
                  | scales. (AC +2) [a shining eye]
 69615 | Slime:5  | Noticed the Royal Jelly
 69705 | Slime:5  | Found a viscous altar of Jiyva.
 69707 | Slime:5  | Killed the Royal Jelly
 69708 | Slime:5  | Reached skill level 22 in Spellcasting
 69711 | Slime:5  | Found the +4 consecrated labrys {holy, Valiant Fragile Fly
                  | SInv}
 70064 | Slime:5  | Found the +2 shield of Resistance {rF++ rC++ Will++}
 70085 | Slime:5  | Got a slimy rune of Zot
 70086 | Slime:5  | Identified the ring of Aseo {rElec rC+ rCorr Int-3}
 70114 | Slime:5  | Identified the ring "Guosois" {rN+ EV+5 Int+3 Slay-2 SInv}
 70135 | Slime:5  | Got the Volume of the Cartwright
 70174 | Slime:5  | Got the Almanac of the Butterfly
 70357 | Lair:3   | Killed Ge0ff's ghost
 70445 | Snake:1  | Killed Odexios's ghost
 70617 | Swamp:4  | Killed Bnni's ghost
 70638 | Swamp:4  | Identified the +2 hat "Tourriv" {Regen+ Int+3 Stlth+}
 70715 | Swamp:2  | Killed Noixka's ghost
 70944 | Orc:2    | Killed Conn's ghost
 71400 | Vaults:1 | Killed zammaz's ghost
 71652 | Crypt:1  | Entered Level 1 of the Crypt
 71758 | Crypt:1  | Identified the +1 helmet "Quiwaka" {-Tele Slay+3 Stlth+}
 72025 | Crypt:1  | Noticed Zenata
 72033 | Crypt:1  | Killed Zenata
 72060 | Crypt:1  | Learned a level 4 spell: Dispel Undead
 72671 | Crypt:2  | Reached skill level 23 in Spellcasting
 72980 | Crypt:2  | Learned a level 9 spell: Chain Lightning
 73123 | Crypt:3  | Entered Level 3 of the Crypt
 73792 | Crypt:3  | Reached XP level 23. HP: 52/106 MP: 40/46
 73804 | Crypt:3  | Gained mutation: You are clumsy. (Dex -2) [mutagenic glow]
 74210 | Crypt:3  | Noticed a dread lich
 74216 | Crypt:3  | Killed a dread lich
 74244 | Crypt:3  | Identified the -1 pair of gloves of the Vestibule of Hell
                  | {rN+ Str+5 Slay-3}
 74453 | Crypt:3  | Found a staircase to the Tomb.
 74484 | Tomb:1   | Entered Level 1 of the Tomb of the Ancients
 75063 | Tomb:1   | Identified the +5 hand axe "Plog" {drain, rC+}
 75063 | Tomb:1   | Noticed a royal mummy
 75065 | Tomb:1   | Noticed a royal mummy
 75066 | Tomb:1   | Noticed a royal mummy
 75067 | Tomb:1   | Noticed a royal mummy
 75068 | Tomb:1   | Noticed a royal mummy
 75068 | Tomb:1   | Noticed a royal mummy
 75069 | Tomb:1   | Killed a royal mummy
 75179 | Tomb:1   | Noticed a royal mummy
 75199 | Tomb:1   | Noticed a royal mummy
 75202 | Tomb:1   | Killed a royal mummy
 75202 | Tomb:1   | Lost strength.
 75507 | D:15     | Gained mutation: Your body often deteriorates upon taking
                  | damage. [a shining eye]
 76069 | Depths:1 | Reached skill level 24 in Spellcasting
 76425 | Depths:1 | Found a runed translucent door.
 76426 | Depths:1 | Noticed Qoapt's ghost (veteran GnSk)
 76428 | Depths:1 | Noticed a juggernaut
 76605 | Depths:1 | Found a gateway to Hell.
 76939 | Depths:1 | Found a runed translucent door.
 76939 | Depths:1 | Identified the +3 chain mail of the Great Game {Int+2}
 76939 | Depths:1 | Identified the amulet of Vyosisic {RegenMP rN+}
 77110 | Depths:1 | Killed a juggernaut
 77389 | Depths:1 | Lost mutation: You are strong-willed. (Will+) [potion of
                  | mutation]
 77389 | Depths:1 | Lost mutation: You are clumsy. (Dex -2) [potion of
                  | mutation]
 77389 | Depths:1 | Lost mutation: Your body often deteriorates upon taking
                  | damage. [potion of mutation]
 77389 | Depths:1 | Gained mutation: You have a pair of horns on your head.
                  | [potion of mutation]
 77389 | Depths:1 | Gained mutation: Your flesh is heat resistant. (rF+)
                  | [potion of mutation]
 77389 | Depths:1 | Gained mutation: You possess an exceptional clarity of
                  | mind. [potion of mutation]
 77529 | Depths:2 | Lost strength.
 78605 | Depths:2 | Noticed a dread lich
 78606 | Depths:2 | Found a one-way gateway to a ziggurat.
 78615 | Depths:2 | Killed a dread lich
 79495 | Depths:2 | Learned a level 8 spell: Maxwell's Capacitive Coupling
 79726 | Depths:2 | Noticed Saint Roka
 79754 | Depths:2 | Killed Saint Roka
 79759 | Depths:2 | Reached skill level 25 in Spellcasting
 80291 | Depths:2 | Found an ornate altar of the Wu Jian Council.
 80372 | Depths:2 | Found a one-way gate leading to the halls of Pandemonium.
 80789 | Depths:3 | Noticed Mennas
 80843 | Depths:3 | Killed Mennas
 80844 | Depths:3 | Reached XP level 24. HP: 44/111 MP: 29/48
 81580 | Depths:3 | Identified the ring "Hablak" {rElec rF- AC+4 SInv}
 81658 | Depths:3 | Found a shadowy altar of Dithmenos.
 81878 | Depths:3 | Found a portal to a secret trove of treasure.
 82020 | Depths:3 | Noticed Grunn
 82064 | Depths:3 | Killed Grunn
 82367 | Depths:3 | Reached skill level 26 in Spellcasting
 82862 | Depths:4 | Entered Level 4 of the Depths
 84394 | Depths:4 | Found a gate to the Realm of Zot.
 84663 | Hell     | Entered the Vestibule of Hell
 84663 | Hell     | Noticed Geryon
 84667 | Hell     | Killed Geryon
 84680 | Hell     | Reached skill level 27 in Spellcasting
 85509 | Hell     | Found a gateway to the Iron City of Dis.
 85600 | Hell     | Found a gateway to the decaying netherworld of Tartarus.
 85642 | Hell     | Found a gateway to the freezing wastes of Cocytus.
 86161 | Tomb:1   | Noticed a royal mummy
 86169 | Tomb:1   | Killed a royal mummy
 86172 | Tomb:1   | Noticed a royal mummy
 86174 | Tomb:1   | Noticed a royal mummy
 86177 | Tomb:1   | Noticed a royal mummy
 86178 | Tomb:1   | Noticed a royal mummy
 86179 | Tomb:1   | Noticed a royal mummy
 86181 | Tomb:1   | Killed a royal mummy
 86181 | Tomb:1   | Killed by a royal mummy's death curse
 86182 | Tomb:1   | Reached XP level 23. HP: -11/106 MP: 8/49
 86207 | Tomb:1   | Noticed a royal mummy
 86212 | Tomb:1   | Killed a royal mummy
 86213 | Tomb:1   | Noticed a royal mummy
 86345 | Tomb:1   | Killed a royal mummy
 86358 | Tomb:1   | Noticed a royal mummy
 86362 | Tomb:1   | Noticed a royal mummy
 86364 | Tomb:1   | Noticed a royal mummy
 86656 | Tomb:1   | Killed a royal mummy
 86657 | Tomb:1   | Reached XP level 24. HP: 111/111 MP: 46/49
 86692 | Tomb:1   | Killed a royal mummy
 86709 | Tomb:1   | Killed a royal mummy
 86710 | Tomb:1   | Killed a royal mummy
 86715 | Tomb:1   | Killed a royal mummy
 86716 | Tomb:1   | Killed a royal mummy
 86716 | Tomb:1   | Noticed a royal mummy
 86717 | Tomb:1   | Killed a royal mummy
 86718 | Tomb:1   | Killed a royal mummy
 86718 | Tomb:1   | Killed a royal mummy
 86718 | Tomb:1   | HP: 3/144 [something (14)]
 86719 | Tomb:1   | Killed a royal mummy
 86765 | Tomb:1   | Noticed a royal mummy
 86885 | Tomb:1   | Noticed a royal mummy
 86942 | Tomb:1   | Killed a royal mummy
 86943 | Tomb:1   | Reached skill level 15 in Stealth
 87252 | Tomb:1   | Killed a royal mummy
 87257 | Tomb:1   | Killed a royal mummy
 87522 | Tomb:1   | Killed a royal mummy
 87745 | Tomb:1   | Killed a royal mummy
 87880 | Tomb:1   | Killed a royal mummy
 88033 | Tomb:1   | Noticed a royal mummy
 88038 | Tomb:1   | Killed a royal mummy
 88375 | Tomb:2   | Noticed a royal mummy
 88563 | Tomb:2   | Noticed a royal mummy
 88563 | Tomb:2   | Noticed a royal mummy
 88563 | Tomb:2   | Noticed a royal mummy
 88570 | Tomb:2   | Gained mutation: Your magical capacity is very low. (-20%
                  | MP) [mutagenic glow]
 88872 | Tomb:2   | Killed a royal mummy
 88873 | Tomb:2   | Reached skill level 15 in Air Magic
 88880 | Tomb:2   | HP: 2/144 [royal mummy/divine providence (12)]
 88880 | Tomb:2   | Mangled by a caustic shrike skeleton
 88881 | Tomb:2   | Reached XP level 23. HP: -8/137 MP: 15/44
 89010 | Tomb:2   | Killed a royal mummy
 89014 | Tomb:2   | Killed a royal mummy
 89019 | Tomb:2   | Killed a royal mummy
 89939 | Tar:1    | Entered Level 1 of Tartarus
 90393 | Tar:3    | Killed from afar by a hellion

Illustrated notes

Levels and vault maps discovered:
D:1:      roderic_crossed_star, layout_loops_corners
D:2:      layout_rooms, basic_altar
D:3:      layout_loops_cross, bloody_makhleb, serial_shops, shop, uniq_jessica
D:4:      layout_cave_pods, uniq_sigmund
D:5:      layout_cave_pods, serial_bayou, serial_bayou_crossing,
          serial_bayou_pond_c, serial_bayou_shore_b, serial_bayou_pond_e,
          minmay_gold_behind_fungi
D:6:      layout_basic, grunt_temple_overflow_cloverleaf, uniq_menkaure,
          uniq_grinder, uniq_duvessa
D:7:      layout_rooms, minmay_temple_entry_grid
D:8:      layout_loops_ring, hellmonk_lair_entry_icy, enter_bailey_2,
          uniq_joseph
D:9:      layout_long_grid, serial_shops, nicolae_lakefront_shop,
          minmay_stone_trees_small, roderic_serpentine_path
D:10:     layout_loops_cross
D:11:     layout_loops_corners
D:12:     minmay_inner_zag, layout_loops_ring, zombieorc2_lemuel, uniq_rupert,
          uniq_josephine
D:13:     layout_basic, gammafunk_ghost_abyssal_escape, serial_demonic,
          serial_demonic_g, serial_demonic_g, serial_demonic_e,
          serial_demonic_d, cheibriados_altar_2, uniq_kirke, uniq_erolcha,
          uniq_snorg
D:14:     layout_long_grid, david_vaults_3, chequers_serial_rivers_micro_d,
          lightli_minifort
D:15:     grunt_enter_depths_magical_seal, layout_gridville, drop_trap
Lair:1:   layout_roguey, special_room [special_room_bee]
Lair:2:   layout_long_grid, basic_altar, grunt_megastairs_4
Lair:3:   layout_cellular_growth, palyth_hydra_swamp_entry, dummy_snake_entry,
          gammafunk_ghost_split, nicolae_volcano_entry_batcave,
          serial_bayou_pond_c, hellmonk_guarded_unrand_vines, uniq_sonja
Lair:4:   layout_regular_city, slime_entry_2
Lair:5:   hellmonk_lair_end_abyssal_woods, layout_long_grid,
          chequers_serial_rivers_marsh
Swamp:1:  layout_basic_swamp, infiniplex_staircase_pool, swamp_pool1,
          uniq_frances
Swamp:2:  layout_basic_swamp, portal_ice_cave_entry_ugly_swarm,
          ebering_ghost_xom, infiniplex_staircase_pool_2, swamp_pool2,
          nicolae_swamp_wisp_ring_woods
Swamp:3:  layout_basic_swamp, gammafunk_ghost_grave,
          evilmike_swamp_ruin_house_4, uniq_nikola
Swamp:4:  grunt_swamp_rune_castle, layout_basic_swamp, gammafunk_ghost_mausoleum
Snake:1:  layout_chambers, ebering_ghost_reflecting_pool,
          nicolae_snake_salamander_fort, nicolae_triple_integral
Snake:2:  layout_honeycomb, nicolae_specific_store,
          nicolae_snake_dead_anacondas, minmay_shop_star, serial_bayou_shore_a,
          uniq_azrael, uniq_mlioglotl
Snake:3:  layout_onion_interference, serial_shops, nicolae_diamond_shop,
          nicolae_square_shop, nicolae_shop_advertising_works
          [nicolae_subvault_shop_adworks], grunt_ministairs_5
Snake:4:  johnstein_snake_rune_scales, layout_onion_interference, st_stairs_10,
          nicolae_fountain_basement
Slime:1:  layout_caves
Slime:2:  layout_caves
Slime:3:  layout_caves, dissolution_awaits
Slime:4:  layout_caves
Slime:5
Orc:1:    layout_caves, serial_shops, nicolae_shop_hallway_plus, uniq_urug
Orc:2:    grunt_orc_cross, layout_diamond_mine, serial_shops, shop,
          gammafunk_ghost_necromancy, uniq_donald
Elf:1:    eino_elf_arrival_shootout, layout_geoelf_grid,
          hangedman_elven_crosses_minicolossus
Elf:2:    nicolae_elf_blades_crystal_corner, layout_rooms, mu_enter_wizlab_7
Elf:3:    elf_hall, layout_gridlike, serial_shops, bzr_entry_customers,
          gammafunk_ghost_wrathful_warriors, nicolae_shop_clearance
Vaults:1: ebering_ghost_rock_garden, v_misc_23, nicolae_vaults_disjoint_gnomons,
          ontoclasm_vaults_claustrophobia, v_misc_11, grunt_vaults_focal,
          nicolae_vaults_twisting_passages, ontoclasm_vaults_echo,
          hangedman_vaults_nodes, nicolae_vaults_little_squares_6,
          grunt_vaults_funnel, hangedman_vaults_hat,
          nicolae_vaults_ring_of_whatevers, ontoclasm_vaults_misaligned,
          ontoclasm_vaults_fault, nicolae_vaults_diagonal_hallway_8,
          vaults_dpeg_emergency_exit, layout_vaults_maze, uniq_asterion
Vaults:2: vaults_standard_mumra_lines, hangedman_vaults_unwind, v_misc_1,
          v_misc_22, vaults_room_grid, nicolae_vaults_specimen_jars,
          minmay_crypt_entry_simple_plaza, v_rooms_5, vaults_room_octagon,
          nicolae_vaults_theta, grunt_vaults_diagonal, hangedman_vaults_nails,
          nicolae_vaults_little_squares_6, ontoclasm_vaults_twist,
          layout_vaults_omnicross
Vaults:3: vaults_mumra_minichess, vaults_dpeg_ring, v_rooms_1, v_pattern_3,
          hangedman_vaults_pinch, nicolae_vaults_network_star,
          hangedman_vaults_slice, vaults_mumra_chevron, hangedman_vaults_impose,
          ontoclasm_vaults_shuriken, v_misc_22, layout_vaults_ring,
          serial_shops, nicolae_shop_trees
Vaults:4: hangedman_vaults_corner, hangedman_vaults_slice, v_misc_5,
          ontoclasm_vaults_idyll, dpeg_vaults_hating_casters, v_misc_4,
          vaults_dpeg_diagonal, nicolae_vaults_rhombus_5,
          nicolae_vaults_diagonal_hallway_7, layout_vaults_omnigrid,
          serial_shops, nicolae_shop_statue_plus, shop, shop
Vaults:5: serial_shops
Crypt:1:  layout_rooms, grunt_megastairs_5, uniq_zenata
Crypt:2:  layout_rooms
Crypt:3:  david_glass_crypt, layout_misc_corridors,
          nicolae_tomb_entry_unfolded_pyramid_orthogonal
Tomb:1
Tomb:2
Depths:1: layout_big_octagon, serial_shops, bzr_entry_gold,
          nicolae_hell_entry_hellmouth_sunbeams, ebering_ghost_inner_flame,
          minmay_misc_feat_doors, kennysheep_treasure_room,
          kennysheep_random_hallway
Depths:2: cell_vault, layout_cave_pools, enter_ziggurat_c,
          rand_demon_pan_entry_4, pdpol_wu_jian_five_deadly_venoms,
          pf_coc_iceberg, infiniplex_staircase_pillars_1, uniq_saint_roka
Depths:3: minmay_the_grid_octo_2x2 [minmay_the_grid_octo_77,
          minmay_the_grid_octo_thin_diamonds, minmay_the_grid_octo_pinwheel,
          minmay_the_grid_octo_prize_square_snowflake], layout_gridlike,
          nicolae_trove_entry_isolated, nicolae_dithmenos_shadow_blocks,
          hell_entry, abyss_entry, grunt_decor_arrowhead,
          minmay_staircase_windowed_large, firewood_loft, uniq_mennas,
          uniq_grunn
Depths:4: evilmike_zot_entry_argh, layout_gridville, hell_entry,
          abyss_entry_glasseish, grunt_pan_entry_spiral
Hell
Tar:1:    hangedman_tartarus_temple_path, layout_cathedral_of_symmetry
Tar:2:    layout_grid_maze
Tar:3:    layout_grid_maze

Skill      XL: |  1  2  3  4  5  6  7  8  9 10 11 12 13 14 15 16 17 18 19 20 21 22 23 24 |
---------------+-------------------------------------------------------------------------+-----
Spellcasting   | 4 5 6 7 11 13 15 16 20 23 25 27 | 27.0
Conjurations   | 1 3 8 10 11 12 | 12.7
Air Magic      | 2 7 9 11 16 15 | 16.3
Earth Magic    | 3 4 6 7 10 13 14 15 17 | 17.7
Dodging        | 5 8 14 | 14.0
Fighting       | 4 6 8 11 14 | 14.0
Poison Magic   | 5 |  5.5
Stealth        | 9 11 15 | 15.7
Hexes          | 4 3 |  4.3
Transmutations | 7 12 | 12.4
Unarmed Combat | 6 7 11 14 | 14.0
Evocations     | 6 |  6.7
Summonings     | |  1.0
Translocations | |  1.5

Action                     |  1- 3 |  4- 6 |  7- 9 | 10-12 | 13-15 | 16-18 | 19-21 | 22-24 || total
---------------------------+-------+-------+-------+-------+-------+-------+-------+-------++-------
  Melee: Unarmed           |    19 |    12 |   116 |    67 |   447 |   838 |   761 |   515 ||  2775
         Bite              |     2 |     1 |    15 |    16 |    27 |    14 |     5 |     6 ||    86
         Punch             |       |       |       |     1 |    27 |    67 |    81 |    76 ||   252
         Headbutt          |       |       |       |       |    14 |    14 |     3 |    10 ||    41
   Cast: Magic Dart        |    92 |    74 |       |       |       |       |       |       ||   166
         Call Imp          |     7 |    24 |    37 |    10 |     3 |     1 |       |       ||    82
         Blink             |     3 |     2 |     2 |     4 |     6 |     3 |     3 |     3 ||    26
         Mephitic Cloud    |       |     1 |    24 |    22 |    10 |     2 |       |       ||    59
         Shock             |       |   100 |   146 |     1 |     1 |       |       |       ||   248
         Stone Arrow       |       |     2 |    26 |    16 |   163 |       |       |       ||   207
         Olgreb's Toxic Ra |       |       |    36 |   129 |   154 |    80 |    69 |     4 ||   472
         Static Discharge  |       |       |     3 |     3 |       |       |       |       ||     6
         Cigotuvi's Dreadf |       |       |     3 |     1 |       |       |       |       ||     4
         Airstrike         |       |       |       |   168 |   218 |   172 |    45 |    33 ||   636
         Cause Fear        |       |       |       |     4 |     1 |     3 |       |       ||     8
         Statue Form       |       |       |       |     2 |    17 |     4 |     2 |    11 ||    36
         Storm Form        |       |       |       |       |    35 |    96 |    84 |    92 ||   307
         Iron Shot         |       |       |       |       |     6 |   192 |    55 |       ||   253
         Eringya's Noxious |       |       |       |       |       |     5 |    19 |       ||    24
         Irradiate         |       |       |       |       |       |     1 |    49 |    43 ||    93
         Lehudib's Crystal |       |       |       |       |       |       |    58 |   268 ||   326
         Shatter           |       |       |       |       |       |       |    15 |   106 ||   121
         Spellforged Servi |       |       |       |       |       |       |     6 |    87 ||    93
         Dispel Undead     |       |       |       |       |       |       |       |     3 ||     3
         Maxwell's Capacit |       |       |       |       |       |       |       |    10 ||    10
         Chain Lightning   |       |       |       |       |       |       |       |     1 ||     1
Ability: Blinkbolt         |       |       |       |       |     4 |    20 |    60 |    17 ||   101
         End Transformatio |       |       |       |       |     1 |       |       |       ||     1
  Evoke: Wand              |       |       |     4 |     6 |    18 |     6 |     2 |     3 ||    39
         Box of beasts     |       |       |       |       |     1 |     2 |     1 |     1 ||     5
         Tin of tremorston |       |       |       |       |       |     1 |     6 |     1 ||     8
         Condenser vane    |       |       |       |       |       |       |       |     2 ||     2
    Use: Scroll            |     1 |     6 |    11 |     6 |    21 |    17 |    11 |    29 ||   102
         Potion            |     1 |       |     1 |     3 |     7 |     3 |     8 |    22 ||    45
   Stab: Sleeping          |     1 |       |     1 |     1 |     5 |    13 |     7 |     6 ||    34
         Confused          |       |       |     4 |       |     4 |     1 |       |       ||     9
         Distracted        |       |       |     1 |       |       |     2 |     4 |     5 ||    12
 Armour: Skin              |     1 |     2 |    18 |    22 |   112 |   159 |   159 |   136 ||   609
  Dodge: Dodged            |    46 |    44 |   264 |   219 |   533 |   984 |   930 |   984 ||  4004

Table legend: (Time is in decaauts)
 A = Elapsed time spent in this place.
 B = Non-inter-level travel time spent in this place.
 C = Inter-level travel time spent in this place.
 D = Time resting spent in this place.
 E = Time spent auto-exploring this place.
 F = Levels seen in this place.
 G = Mean time per level.
                   A        B        C        D        E       F      G
               +--------+--------+--------+--------+--------+-----+--------+
         Total |  85149 |  78486 |   6663 |  25185 |  36504 |  61 | 1395.9 |
       Dungeon |  20447 |  18364 |   2083 |   3603 |  10783 |  15 | 1363.1 |
          Lair |   9432 |   8676 |    756 |   2495 |   4918 |   5 | 1886.4 |
         Swamp |   6360 |   6060 |    300 |   2948 |   1832 |   4 | 1590.0 |
     Snake Pit |  10118 |   9777 |    341 |   3762 |   4045 |   4 | 2529.5 |
    Slime Pits |   1982 |   1907 |     75 |    827 |    504 |   5 |  396.4 |
  Orcish Mines |   2530 |   2249 |    281 |    742 |   1100 |   2 | 1265.0 |
   Elven Halls |   3789 |   3262 |    527 |    531 |   2006 |   3 | 1263.0 |
        Vaults |   9364 |   7880 |   1484 |   1425 |   4587 |   5 | 1872.8 |
         Crypt |   2773 |   2563 |    210 |    495 |   1502 |   3 |  924.3 |
          Tomb |   4449 |   4365 |     84 |   2569 |    484 |   2 | 2224.5 |
        Depths |   8438 |   7974 |    464 |   3521 |   3294 |   4 | 2109.5 |
          Hell |    644 |    592 |     52 |    239 |    181 |   1 |  644.0 |
      Tartarus |    439 |    439 |      0 |    223 |    116 |   3 |  146.3 |
        Bazaar |    180 |    180 |      0 |      0 |     78 |   1 |  180.0 |
        Bailey |    937 |    937 |      0 |    236 |    331 |   1 |  937.0 |
      Ice Cave |    166 |    166 |      0 |    120 |      0 |   1 |  166.0 |
       Volcano |   2023 |   2023 |      0 |    885 |    737 |   1 | 2023.0 |
        Wizlab |   1069 |   1069 |      0 |    558 |      0 |   1 | 1069.0 |
               +--------+--------+--------+--------+--------+-----+--------+

Top non-repeatable levels by time:
 Snake:1: 3248 daAuts
  Tomb:1: 3216 daAuts
 Snake:2: 2732 daAuts
Depths:2: 2630 daAuts
  Lair:5: 2597 daAuts
  Lair:3: 2536 daAuts
 Swamp:4: 2510 daAuts
 Snake:4: 2372 daAuts
Vaults:5: 2332 daAuts
Depths:3: 2320 daAuts
Depths:4: 2125 daAuts
    D:12: 2074 daAuts
Vaults:1: 2070 daAuts
 Volcano: 2023 daAuts
   Orc:2: 1900 daAuts
